Map: Rooftop Terrace

Players

toha

  • Race: Terran Terran
  • League: Gold
  • Spawn Location: 12:00

Vorobei

  • Race: Protoss Protoss
  • Spawn Location: 1:00

BlackLady

  • Race: Zerg Zerg
  • Spawn Location: 11:00

HuntersPray

  • Race: Terran Terran
  • Spawn Location: 12:00

Rugi - Winner!

  • Race: Terran Terran
  • League: Diamond
  • Spawn Location: 6:00

dallaskuken - Winner!

  • Race: Protoss Protoss
  • League: Platinum
  • Spawn Location: 5:00

Loken - Winner!

  • Race: Zerg Zerg
  • Spawn Location: 7:00

Myran - Winner!

  • Race: Protoss Protoss
  • Spawn Location: 6:00

VOD

Have the link to the VOD?

Description

Time

  • Played on: March 11, 2017, 6:08 p.m.
  • Length: 20:40
Show
View Real Time Build Order
Export as new Build Order

toha Terran 

Build Orders: Cyclone Opening 

Get SALT Encoding   

  12  0:01  SCV  
  13  0:13  SCV  
  14  0:23  Supply Depot  
  14  0:25  SCV  
  15  0:44  SCV  
  15  0:46  Refinery  
  15  0:47  Barracks  
  16  0:56  SCV  
  17  0:59  Refinery  
  17  1:14  SCV  
  18  1:26  SCV  
  19  1:39  Orbital Command  
  19  1:42  Supply Depot  
  19  1:46  Marine  
  20  1:48  Factory  
  20  2:02  Engineering Bay  
  20  2:06  Marine  
  21  2:22  SCV  
  22  2:23  Marine  
  23  2:33  Cyclone  
  23  2:36  SCV  
  27  2:44  Missile Turret  
  27  2:48  SCV  
  27  2:50  Marine  
  29  3:01  SCV  
  29  3:05  Factory Tech Lab  
  30  3:15  SCV  
  31  3:25  Command Center  
  31  3:35  Supply Depot  
  31  3:57  SCV  
  32  4:03  Siege Tank  
  32  4:07  Command Center  
  32  4:09  SCV  
  36  4:23  Engineering Bay  
  36  4:28  Armory  
  36  4:35  Marine  
  40  4:45  Siege Tank  
  40  4:54  SCV  
  41  5:06  SCV  
  42  5:13  Orbital Command  
  42  5:18  SCV  
  43  5:21  Missile Turret  
  43  5:22  Siege Tank  
  43  5:25  Orbital Command  
  46  5:30  SCV  
  46  5:33  Missile Turret  
  47  5:40  Barracks Tech Lab  
  47  5:44  Starport, Missile Turret  
  47  5:45  SCV x2  
  49  5:53  Terran Vehicle And Ship Armor Level 1  
  49  5:56  SCV  
  50  5:57  SCV x2  
  52  6:09  SCV  
  53  6:18  Command Center  
  53  6:29  Missile Turret  
  53  6:31  SCV x3  
  53  6:32  Missile Turret  
  56  6:33  Missile Turret  
  56  6:43  SCV x3  
  56  6:45  Barracks Tech Lab  
  56  6:46  Starport  
  59  6:55  SCV  
  59  6:56  Missile Turret, Siege Tank  
  59  6:58  Raven  
  59  7:00  SCV x2  
  67  7:05  Armory  
  67  7:07  SCV  
  68  7:11  Armory  
  68  7:12  SCV  
  69  7:17  Missile Turret  
  69  7:26  Supply Depot  
  69  7:27  SCV x2  
  69  7:29  Missile Turret  
  71  7:30  Supply Depot, Barracks Tech Lab  
  71  7:31  Supply Depot  
  71  7:33  Planetary Fortress  
  71  7:37  SCV  
  71  7:38  Missile Turret  
  71  7:39  SCV  
  71  7:41  Refinery x2  
  71  7:42  SCV  
  74  7:48  Terran Vehicle Weapons Level 1  
  74  7:49  SCV  
  75  7:51  SCV  
  75  7:56  Bunker  
  76  8:00  SCV  
  76  8:01  SCV  
  76  8:03  SCV  
  76  8:04  Refinery, Banshee  
  76  8:05  Refinery  
  82  8:12  SCV, Starport  
  83  8:13  SCV, Supply Depot  
  83  8:14  Supply Depot  
  83  8:15  SCV  
  85  8:22  Command Center  
  85  8:25  SCV x3  
  88  8:27  SCV  
  89  8:37  SCV  
  89  8:40  SCV x3  
  93  8:43  Missile Turret  
  93  8:49  SCV, Starport x2  
  93  8:52  SCV x2  
  96  8:55  Starport  
  96  8:57  Starport  
  96  8:58  Barracks Tech Lab  
  96  8:59  Corvid Reactor  
  96  9:00  Recalibrated Explosives  
  96  9:04  Missile Turret  
  96  9:10  Siege Tank  
  96  9:14  SCV  
  96  9:15  SCV x2  
  102  9:23  Missile Turret  
  102  9:24  Missile Turret x2, Refinery  
  102  9:25  Missile Turret x2, Refinery  
  102  9:26  Missile Turret  
  102  9:28  SCV x4, Missile Turret  
  102  9:29  Missile Turret  
  106  9:40  SCV x4  
  110  9:52  SCV  
  111  9:53  Missile Turret  
  111  9:55  Missile Turret x3  
  111  9:56  Missile Turret  
  111  10:02  Planetary Fortress  
  111  10:04  SCV  
  111  10:05  SCV x2  
  114  10:08  Starport Tech Lab  
  114  10:09  Starport Tech Lab  
  114  10:10  Starport Tech Lab x2  
  114  10:17  Command Center  
  114  10:18  SCV x2  
  114  10:19  Missile Turret  
  116  10:21  Missile Turret x2  
  116  10:22  Terran Ship Weapons Level 1, Terran Vehicle And Ship Armor Level 2  
  116  10:24  Terran Vehicle Weapons Level 2  
  116  10:26  Raven  
  116  10:27  Raven  
  120  10:29  Raven  
  122  10:37  Supply Depot  
  122  10:38  SCV  
  122  10:39  SCV x4, Supply Depot x2  
  122  10:41  Supply Depot  
  122  10:42  Supply Depot  
  127  10:44  Supply Depot  
  127  10:50  SCV  
  127  10:51  SCV x2  
  130  10:57  Banshee x3  
  130  10:58  Banshee  
  142  11:09  Banshee x2  
  145  11:27  Liberator  
  145  11:28  Liberator x4  
  145  11:35  Liberator  
  163  11:55  Liberator  
  163  12:01  Command Center  
  163  12:10  Liberator x2  
  163  12:11  Liberator  
  166  12:21  Missile Turret  
  166  12:24  Missile Turret  
  166  12:25  Missile Turret  
  166  12:26  Refinery  
  166  12:28  Missile Turret  
  175  12:32  Refinery  
  175  12:35  Banshee  
  175  12:36  Banshee  
  181  12:39  Banshee  
  181  12:40  Missile Turret x2  
  181  12:43  Missile Turret  
  181  12:44  Missile Turret  
  178  12:48  Missile Turret  
  124  13:09  Hellbat  
  109  13:19  Banshee x3  
  113  13:20  Banshee x2  
  121  13:46  Siege Tank  
  122  14:11  High Capacity Fuel Tanks, Cloaking Field  
  122  14:13  Hyperflight Rotors  
  122  14:15  Raven x4  
  127  14:18  Siege Tank  
  127  14:49  Raven x2  
  127  14:51  Hellbat  
  133  15:07  Terran Vehicle Weapons Level 3  
  133  15:12  Hellbat  
  135  15:33  Hellbat  
  137  15:50  Command Center  
  137  15:54  Missile Turret, Raven x3  
  137  15:55  Refinery, Raven, Missile Turret  
  137  15:56  Missile Turret x3  
  145  15:57  Missile Turret x4, Refinery  
  145  15:58  Missile Turret  
  145  15:59  Missile Turret  
  145  16:00  Missile Turret x2  
  145  16:17  Missile Turret  
  145  16:50  Raven x3  
  145  16:51  Raven  
  153  16:55  Command Center  
  153  17:17  Raven x2  
  153  17:19  Command Center  
  153  17:21  Command Center  
  157  17:27  Raven  
  159  17:33  Raven x4  
  83  18:00  Raven  
  77  18:36  Raven x4  
  89  18:46  Raven  
  59  19:19  Raven x2  
Show
View Real Time Build Order
Export as new Build Order

Vorobei Protoss 

Build Orders:  

Get SALT Encoding   

  12  0:02  Probe (Chrono Boost)  
  13  0:13  Probe (Chrono Boost)  
  14  0:23  Probe (Chrono Boost)  
  15  0:31  Pylon  
  15  0:49  Probe (Chrono Boost)  
  16  1:00  Gateway, Probe (Chrono Boost)  
  16  1:01  Forge  
  17  1:06  Assimilator  
  17  1:10  Probe (Chrono Boost)  
  18  1:51  Probe (Chrono Boost)  
  18  1:53  Nexus  
  19  2:02  Probe (Chrono Boost)  
  19  2:04  Photon Cannon  
  19  2:07  Photon Cannon  
  20  2:13  Probe (Chrono Boost)  
  21  2:23  Probe (Chrono Boost)  
  21  2:25  Pylon  
  22  2:43  Photon Cannon  
  22  2:48  Pylon  
  22  2:53  Cybernetics Core  
  22  2:59  Probe (Chrono Boost)  
  23  3:06  Pylon  
  23  3:09  Probe (Chrono Boost)  
  24  3:16  Assimilator  
  24  3:24  Photon Cannon  
  24  3:27  Probe (Chrono Boost)  
  24  3:30  Probe (Chrono Boost)  
  26  3:42  Stargate  
  26  3:47  Probe x2 (Chrono Boost)  
  28  3:53  Assimilator  
  28  3:56  Assimilator  
  28  3:58  Probe x2 (Chrono Boost)  
  30  4:05  Photon Cannon  
  30  4:08  Probe (Chrono Boost)  
  31  4:13  Photon Cannon, Probe (Chrono Boost)  
  32  4:23  Probe (Chrono Boost)  
  28  4:33  Photon Cannon  
  28  4:34  Probe (Chrono Boost)  
  28  4:36  Probe (Chrono Boost)  
  30  4:44  Probe (Chrono Boost)  
  31  4:46  Probe (Chrono Boost)  
  32  4:55  Probe (Chrono Boost)  
  32  4:57  Probe (Chrono Boost)  
  34  5:01  Fleet Beacon  
  34  5:05  Probe (Chrono Boost)  
  35  5:07  Protoss Air Weapons Level 1  
  35  5:15  Probe (Chrono Boost)  
  35  5:16  Probe (Chrono Boost)  
  37  5:26  Probe x2 (Chrono Boost)  
  39  5:36  Probe (Chrono Boost)  
  40  5:44  Nexus  
  40  6:10  Stargate  
  40  6:11  Stargate  
  40  6:12  Stargate  
  40  6:16  Stargate  
  40  6:17  Mothership Core (Chrono Boost)  
  40  6:18  Pylon  
  42  6:30  Pylon  
  42  6:32  Probe (Chrono Boost)  
  43  6:35  Probe (Chrono Boost)  
  43  6:37  Graviton Catapult  
  44  6:40  Protoss Shields Level 1  
  44  6:42  Probe (Chrono Boost)  
  45  6:52  Carrier  
  51  7:07  Probe x3 (Chrono Boost)  
  54  7:09  Photon Cannon  
  54  7:17  Probe (Chrono Boost)  
  54  7:18  Probe x2 (Chrono Boost)  
  63  7:28  Probe (Chrono Boost)  
  63  7:29  Assimilator  
  64  7:33  Assimilator  
  64  7:34  Protoss Air Armor Level 1  
  64  7:38  Carrier  
  70  8:03  Twilight Council  
  70  8:06  Probe (Chrono Boost)  
  70  8:07  Pylon, Probe x2 (Chrono Boost)  
  70  8:11  Carrier  
  79  8:17  Probe (Chrono Boost)  
  79  8:18  Probe x2 (Chrono Boost)  
  82  8:30  Probe (Chrono Boost)  
  82  8:34  Carrier  
  89  8:43  Probe (Chrono Boost)  
  89  8:44  Probe x2 (Chrono Boost)  
  92  8:53  Probe (Chrono Boost)  
  95  8:56  Probe (Chrono Boost)  
  95  8:57  Carrier, Probe (Chrono Boost)  
  101  9:51  Pylon  
  101  9:53  Pylon  
  101  9:56  Pylon  
  101  9:58  Pylon  
  101  10:01  Pylon  
  101  10:09  Carrier, Probe (Chrono Boost)  
  101  10:11  Carrier, Pylon, Probe (Chrono Boost)  
  101  10:13  Probe (Chrono Boost)  
  101  10:14  Carrier, Pylon  
  116  10:16  Carrier, Pylon  
  116  10:20  Pylon  
  128  10:22  Protoss Air Weapons Level 2  
  128  10:24  Pylon  
  128  10:29  Carrier, Photon Cannon  
  128  10:31  Photon Cannon, Protoss Shields Level 2  
  134  10:38  Photon Cannon  
  134  11:34  Carrier  
  134  11:36  Carrier  
  134  11:39  Carrier  
  152  11:56  Carrier  
  158  12:17  Carrier  
  158  12:20  Protoss Air Armor Level 2  
  164  13:00  Carrier  
  164  13:02  Carrier  
  164  13:05  Carrier  
  158  13:44  Mothership Core (Chrono Boost)  
  158  13:46  Carrier x2  
  170  14:23  Gateway  
  170  14:26  Forge  
  170  14:35  Protoss Air Weapons Level 3  
  169  15:39  Pylon x3  
  169  15:40  Pylon  
  169  15:44  Pylon  
  169  15:45  Pylon  
  169  15:50  Pylon  
  169  15:52  Pylon  
  169  15:54  Pylon  
  169  15:55  Pylon  
  169  15:57  Carrier x4  
  169  16:00  Pylon  
  193  16:04  Protoss Shields Level 3  
Show
View Real Time Build Order
Export as new Build Order

BlackLady Zerg 

Build Orders: Pool First 

Get SALT Encoding   

  12  0:02  Drone  
  13  0:13  Overlord  
  13  0:19  Drone  
  14  0:33  Drone x2  
  16  0:45  Spawning Pool  
  16  0:47  Drone  
  16  0:55  Extractor  
  16  0:56  Drone  
  16  1:01  Drone  
  17  1:07  Drone  
  18  1:20  Drone  
  19  1:32  Queen  
  21  1:37  Zergling x2  
  22  1:45  Overlord  
  22  1:56  Hatchery  
  22  2:00  Zergling x2  
  22  2:05  Metabolic Boost  
  22  2:16  Zergling x4  
  24  2:29  Zergling x2  
  24  2:50  Spore Crawler  
  23  2:56  Drone x3  
  23  2:57  Drone  
  27  3:09  Roach Warren  
  26  3:19  Spore Crawler  
  25  3:20  Drone  
  25  3:21  Drone  
  27  3:27  Queen  
  27  3:30  Lair  
  29  3:34  Zergling x2  
  29  3:36  Zergling x4  
  32  3:51  Evolution Chamber  
  32  3:52  Drone x3  
  34  3:57  Overlord  
  34  4:11  Drone  
  34  4:15  Drone x2  
  37  4:26  Drone, Spore Crawler  
  37  4:39  Drone  
  37  4:40  Drone x3  
  41  4:47  Glial Reconstitution  
  41  4:50  Zerg Missile Weapons Level 1  
  41  4:54  Roach  
  43  5:01  Overlord x4  
  43  5:02  Overlord  
  43  5:19  Queen  
  45  5:22  Roach x3  
  45  5:23  Roach x2  
  55  5:42  Drone  
  55  5:43  Drone x2  
  57  5:51  Roach x7  
  71  6:07  Extractor  
  55  6:41  Spawning Pool  
  54  6:54  Drone x2  
  54  6:55  Drone x3  
  59  7:01  Extractor  
  59  7:03  Drone x3  
  59  7:04  Drone x6  
  59  7:08  Zerg Missile Weapons Level 2  
  67  7:19  Drone  
  68  7:29  Hatchery  
  67  7:49  Hatchery  
  66  7:52  Drone x3  
  66  7:53  Drone x6  
  66  7:54  Drone  
  76  8:01  Drone  
  77  8:11  Roach x3  
  83  8:14  Overlord x3  
  79  8:34  Hatchery  
  78  8:46  Roach x2  
  78  8:47  Roach x7  
  78  8:48  Roach  
  98  8:55  Drone x2  
  100  9:00  Overlord  
  100  9:16  Drone x2, Extractor  
  100  9:17  Drone  
  102  9:25  Drone  
  102  9:26  Drone x4  
  102  9:27  Drone  
  108  9:40  Zerg Ground Armor Level 1  
  108  9:50  Roach x4  
  108  9:51  Roach x5  
  126  9:58  Overlord x3  
  126  10:07  Drone  
  126  10:13  Extractor  
  126  10:20  Infestation Pit  
  125  10:29  Queen  
  127  10:41  Drone  
  128  10:45  Drone  
  128  10:49  Roach x6  
  143  10:50  Roach x5  
  143  10:55  Overlord x5  
  151  11:05  Hive  
  148  11:34  Zerg Melee Weapons Level 1  
  136  12:07  Spore Crawler  
  135  12:18  Drone x5  
  135  12:19  Drone x3  
  143  12:37  Ultralisk Cavern  
  142  12:45  Hatchery  
  113  13:08  Roach  
  113  13:09  Roach x8  
  113  13:10  Roach x11  
  113  13:11  Roach x6  
  43  13:54  Spore Crawler  
  43  13:55  Spore Crawler  
  27  13:56  Spore Crawler  
  27  13:57  Spore Crawler x2  
  16  14:53  Hatchery  
  16  14:56  Extractor  
  14  15:02  Extractor  
  13  15:12  Drone x2  
  13  15:13  Drone x3  
  18  15:21  Chitinous Plating  
  18  15:32  Hatchery  
  17  16:09  Lair  
  17  16:31  Spawning Pool  
  17  16:32  Drone x2  
  18  16:33  Drone  
  19  16:50  Drone  
  20  17:00  Queen  
  22  17:11  Drone  
  22  17:12  Drone x2  
  25  17:16  Queen  
  27  17:31  Drone x2  
  27  17:32  Drone  
  30  17:56  Ultralisk  
  34  18:32  Spore Crawler  
  33  18:56  Ultralisk  
  39  19:06  Spore Crawler  
  39  19:09  Drone x3  
  42  19:10  Drone  
  42  19:44  Ultralisk  
  42  19:45  Ultralisk  
Show
View Real Time Build Order
Export as new Build Order

HuntersPray Terran 

Build Orders:  

Get SALT Encoding   

  12  0:02  SCV  
  13  0:14  SCV  
  14  0:26  SCV  
  15  0:34  Supply Depot  
  15  0:56  SCV  
  16  0:57  Barracks  
  16  1:01  Barracks  
  16  1:06  Refinery  
  16  1:08  SCV  
  17  1:12  Refinery  
  17  1:20  SCV  
  18  1:32  SCV  
  19  1:54  Marine x2  
  19  1:55  Bunker  
  19  1:57  Supply Depot  
  21  2:03  Orbital Command  
  21  2:15  Marine x2  
  23  2:32  Marine  
  24  2:43  Bunker  
  22  2:57  Marine  
  22  2:58  Marine  
  24  3:08  SCV  
  25  3:20  SCV  
  25  3:22  Command Center  
  26  3:33  Engineering Bay  
  26  3:46  SCV  
  27  3:58  SCV  
  27  4:02  Factory  
  28  4:10  SCV  
  29  4:22  SCV, Supply Depot  
  30  4:34  SCV  
  30  4:35  Supply Depot  
  30  4:36  Barracks Tech Lab  
  31  4:46  SCV, Supply Depot  
  31  4:51  Orbital Command  
  32  4:58  SCV  
  33  5:03  Barracks Tech Lab  
  33  5:04  Ghost Academy  
  33  5:10  SCV  
  34  5:22  SCV  
  34  5:23  Missile Turret  
  34  5:27  Missile Turret  
  35  5:35  Missile Turret  
  35  5:42  SCV  
  36  5:57  Missile Turret  
  36  5:58  Ghost Academy, Personal Cloaking  
  36  6:05  Ghost x2  
  36  6:11  SCV  
  41  6:20  Factory Tech Lab  
  41  6:38  SCV  
  42  6:41  Ghost x2  
  42  6:43  Nuke  
  46  6:50  SCV, Ghost Academy  
  47  6:55  Refinery  
  47  6:57  Refinery  
  47  7:01  SCV  
  48  7:02  SCV  
  49  7:11  Factory Reactor  
  49  7:13  SCV  
  49  7:14  SCV, Barracks  
  51  7:17  Ghost Academy  
  51  7:22  Barracks  
  51  7:24  Nuke  
  51  7:25  Nuke  
  51  7:27  SCV  
  52  7:37  Terran Infantry Weapons Level 1  
  52  7:38  SCV  
  52  7:39  SCV  
  52  7:42  Supply Depot  
  54  7:50  Nuke, SCV  
  55  7:54  SCV  
  55  7:55  Starport  
  56  8:02  SCV  
  56  8:04  Ghost x2  
  56  8:05  Supply Depot  
  61  8:07  SCV  
  61  8:08  Widow Mine x2  
  66  8:13  Supply Depot  
  66  8:14  SCV  
  66  8:16  Barracks Reactor  
  67  8:48  Widow Mine x2  
  71  9:02  Ghost  
  73  9:03  Ghost  
  73  9:05  Ghost  
  73  9:07  Starport Reactor  
  73  9:08  SCV  
  78  9:12  Supply Depot  
  78  9:17  Widow Mine x2  
  78  9:20  SCV  
  83  9:32  SCV  
  80  9:46  Nuke x2  
  80  9:49  Ghost x3  
  86  10:21  Widow Mine x2  
  86  10:26  Supply Depot  
  86  10:28  Supply Depot  
  90  10:30  Medivac x2  
  90  10:33  Ghost  
  90  10:35  Ghost  
  96  10:36  Ghost  
  100  10:50  Widow Mine x2  
  104  10:59  Medivac  
  104  11:00  Medivac  
  108  11:18  Widow Mine  
  110  11:30  Widow Mine  
  112  11:39  Missile Turret  
  112  11:40  Missile Turret  
  112  11:45  Missile Turret  
  112  11:46  Missile Turret  
  112  11:47  Widow Mine, Missile Turret  
  114  11:57  Missile Turret  
  114  11:59  Widow Mine  
  114  12:01  Terran Infantry Armor Level 1  
  116  12:08  Armory, Engineering Bay  
  116  12:13  Medivac  
  118  12:36  Missile Turret  
  118  12:40  Medivac  
  118  12:53  Widow Mine  
  118  12:57  Missile Turret  
  118  13:01  Missile Turret  
  78  13:42  Nuke x2  
  76  13:58  Marauder x3  
  76  13:59  Marine x2  
  76  14:02  Cyclone x2  
  88  14:17  Marine x2  
  88  14:19  Marauder x2  
  88  14:20  Marauder  
  82  14:29  Terran Infantry Weapons Level 2  
  79  14:32  Terran Infantry Armor Level 2  
  79  14:34  Cyclone x2  
  79  14:35  Marine x2  
  87  14:41  Marauder  
  76  15:14  Orbital Command, Cyclone  
  76  15:15  Cyclone  
  76  15:18  Marine x5  
  85  15:36  Marine x5  
  90  15:53  Marine  
  90  15:54  Marine  
  92  16:07  SCV  
  93  16:19  SCV  
  92  16:30  Missile Turret  
  92  16:31  SCV  
  91  16:42  Missile Turret  
  91  16:43  Missile Turret  
  91  16:44  Missile Turret  
  91  17:09  Missile Turret  
  91  17:10  Missile Turret  
  91  17:22  Orbital Command  
  91  17:35  Refinery  
  91  17:38  Refinery  
  91  17:49  Ghost  
  93  17:59  SCV  
  94  18:49  SCV  
  93  19:01  SCV  
  94  19:30  Ghost x2, SCV  
Show
View Real Time Build Order
Export as new Build Order

Rugi Terran - Winner!

Build Orders: Reaper Expand, MMM Bio 

Get SALT Encoding   

  12  0:01  SCV  
  13  0:13  SCV  
  14  0:17  Supply Depot  
  14  0:25  SCV  
  15  0:39  SCV  
  15  0:41  Barracks  
  16  0:45  Refinery  
  16  0:51  SCV  
  17  1:03  SCV  
  18  1:15  SCV  
  19  1:28  Orbital Command, Reaper  
  20  1:47  Command Center  
  20  1:55  Barracks  
  20  1:56  SCV  
  20  2:01  Barracks Reactor  
  21  2:10  SCV  
  22  2:23  Refinery, SCV  
  22  2:27  Supply Depot  
  23  2:48  Marine  
  23  2:49  Marine  
  25  2:52  Barracks Tech Lab  
  25  2:54  Factory  
  25  2:55  SCV  
  25  3:00  Orbital Command  
  25  3:07  Marine x2  
  25  3:08  SCV  
  25  3:12  Stimpack  
  28  3:13  Marine  
  29  3:20  SCV  
  29  3:26  SCV  
  31  3:35  Marine x2, Command Center  
  31  3:40  SCV  
  31  3:41  SCV  
  35  3:44  Marine  
  36  3:51  Factory Reactor  
  36  3:53  Starport  
  36  3:56  SCV, Marine  
  36  3:57  Marine  
  36  4:00  Supply Depot  
  40  4:02  SCV  
  40  4:08  SCV  
  41  4:10  Marine  
  41  4:15  Bunker, SCV  
  43  4:18  Marine x2  
  43  4:20  SCV  
  46  4:27  SCV  
  47  4:32  SCV  
  47  4:35  Engineering Bay  
  47  4:36  Engineering Bay  
  47  4:38  Medivac x2  
  50  4:39  SCV  
  50  4:41  Marine  
  54  4:46  SCV  
  54  4:47  Supply Depot  
  54  4:51  Orbital Command  
  55  4:53  Marine  
  55  4:54  Marine  
  55  4:56  Factory Reactor  
  57  5:03  SCV  
  57  5:05  Refinery x2  
  57  5:06  SCV  
  59  5:13  Marine x2  
  61  5:15  SCV  
  61  5:18  Factory Reactor  
  61  5:19  Barracks  
  62  5:25  Terran Infantry Armor Level 1, Terran Infantry Weapons Level 1  
  62  5:32  Marine x2  
  62  5:33  Marine  
  62  5:34  SCV  
  62  5:35  SCV  
  67  5:37  SCV  
  68  5:46  SCV  
  68  5:47  SCV  
  68  5:49  SCV  
  71  5:54  Missile Turret  
  71  5:56  Missile Turret  
  71  5:58  Missile Turret, SCV  
  71  5:59  SCV  
  71  6:01  SCV  
  71  6:04  Marine x2  
  74  6:05  Missile Turret  
  74  6:06  Missile Turret  
  74  6:10  SCV  
  73  6:29  Marine x2  
  73  6:30  Marauder  
  77  6:39  Supply Depot, Factory Reactor  
  77  6:40  SCV  
  77  6:41  Supply Depot  
  77  6:43  Barracks  
  77  6:47  Armory  
  78  6:49  SCV  
  78  6:51  Marauder  
  81  6:54  SCV x2  
  81  7:00  Missile Turret  
  83  7:03  SCV, Missile Turret  
  83  7:04  Missile Turret  
  84  7:08  Missile Turret  
  84  7:09  Missile Turret  
  84  7:10  Missile Turret, Marine x4  
  88  7:20  Barracks  
  88  7:21  Barracks  
  88  7:23  Supply Depot  
  88  7:24  Marine, Supply Depot  
  88  7:26  Medivac  
  88  7:27  Medivac  
  88  7:29  Missile Turret  
  93  7:32  Missile Turret  
  97  7:37  Barracks Tech Lab  
  97  7:43  SCV  
  94  7:45  Terran Infantry Weapons Level 2, Terran Infantry Armor Level 2  
  94  7:47  Liberator, SCV x2  
  96  8:01  Marauder x2, Marine x4  
  96  8:04  Medivac  
  109  8:09  Barracks Reactor, Barracks Tech Lab  
  109  8:14  SCV  
  110  8:32  Marine x2  
  110  8:33  Marauder, Marine x2  
  107  8:34  SCV x3  
  107  8:39  Marauder x2, Combat Shields, Supply Depot  
  113  8:41  Concussive Shells, Supply Depot  
  113  8:47  Barracks  
  113  8:48  Barracks  
  113  8:49  Barracks  
  113  8:50  Marine x2  
  113  8:51  Marine  
  116  8:57  Starport  
  116  8:59  Liberator x2  
  116  9:02  Marine  
  116  9:03  Marauder, Marine x2  
  116  9:04  SCV  
  116  9:05  Starport  
  122  9:14  Marauder, Marine x3  
  122  9:15  Marauder  
  93  9:40  Marauder x2, Marine x6  
  93  9:45  Barracks Reactor x2, Barracks Tech Lab  
  103  9:49  SCV  
  103  9:50  Marauder  
  106  9:54  Factory Tech Lab  
  106  9:59  Marine x5  
  111  10:01  Marauder  
  111  10:02  Marauder  
  115  10:09  Marauder, Marine  
  115  10:12  Marauder, Medivac x2  
  124  10:16  Marine  
  124  10:17  Marine  
  124  10:18  Refinery  
  124  10:19  Refinery  
  126  10:24  Liberator  
  126  10:25  Liberator, Starport Reactor  
  126  10:26  Starport Tech Lab  
  126  10:28  Starport Reactor  
  126  10:33  Terran Ship Weapons Level 1  
  126  10:34  Marauder x2, Marine x4  
  134  10:37  Thor  
  134  10:41  Command Center  
  146  10:58  Marauder, Marine  
  149  11:06  Missile Turret  
  149  11:08  Missile Turret  
  149  11:09  Missile Turret  
  149  11:10  Marine x6  
  149  11:11  Marauder, Sensor Tower  
  157  11:15  Supply Depot x2  
  157  11:18  Supply Depot  
  157  11:19  Liberator x2  
  157  11:20  Liberator  
  157  11:30  Marauder x2, SCV x3, Marine  
  157  11:32  Supply Depot  
  165  11:33  Supply Depot  
  174  11:43  Marauder x2, Marine x5  
  174  11:44  Marine x3  
  186  11:55  Planetary Fortress  
  186  11:57  SCV x2  
  186  11:58  Refinery x2  
  186  11:59  SCV  
  189  12:04  Missile Turret  
  189  12:07  Missile Turret  
  189  12:12  Missile Turret  
  189  12:28  Missile Turret  
  189  12:41  Medivac  
  189  12:42  Command Center, Medivac x2  
  195  12:45  Missile Turret  
  185  13:13  Marine x3  
  185  13:14  Marauder x3, Marine x2  
  185  13:16  Command Center  
  196  13:22  Marine x4  
  119  13:49  Marine x6  
  119  13:50  Marine x7  
  119  13:51  Marine  
  119  13:55  Missile Turret  
  123  13:56  Planetary Fortress  
  123  14:10  Missile Turret x2  
  123  14:13  Missile Turret  
  123  14:15  Terran Infantry Weapons Level 3, Terran Infantry Armor Level 3, Missile Turret  
  123  14:16  Marine x3  
  126  14:17  Marine x9  
  126  14:21  Viking  
  139  14:27  Viking  
  139  14:29  Viking x2  
  139  14:30  Command Center  
  143  14:32  Viking, Missile Turret  
  143  14:35  Planetary Fortress  
  145  14:39  Missile Turret  
  145  14:43  Marine  
  145  14:44  Marine x6  
  145  14:45  Marine  
  153  14:47  Missile Turret  
  153  14:56  Marine x3  
  153  14:57  Marine x2  
  158  15:06  Marine x9  
  167  15:11  Viking x3  
  167  15:12  Viking  
  167  15:14  Banshee, Marine x3  
  178  15:19  Marine x2  
  183  15:31  Missile Turret  
  183  15:33  Missile Turret  
  183  15:36  Missile Turret x2  
  183  15:37  Missile Turret x2  
  183  15:39  Missile Turret  
  183  15:40  Sensor Tower  
  183  15:44  Missile Turret  
  183  15:45  Missile Turret, Marine  
  183  15:46  Marine x6  
  183  15:47  Missile Turret  
  190  15:52  Planetary Fortress  
  190  15:53  Missile Turret, Marine x2  
  190  15:54  Missile Turret  
  190  15:56  Banshee  
  195  15:57  Bunker, Missile Turret  
  195  15:59  Bunker  
  195  16:00  Missile Turret  
  195  16:01  Missile Turret  
  195  16:03  Missile Turret  
  195  16:04  Missile Turret  
  195  16:13  Missile Turret  
  195  16:14  Missile Turret  
  195  16:16  Viking x2  
  195  16:18  Missile Turret  
  191  16:49  Missile Turret  
  191  16:52  Missile Turret  
  191  16:53  Hi-Sec Auto Tracking  
  191  16:57  Missile Turret, Building Armor  
  191  17:15  Marine x2  
  192  17:16  Marine x7  
  200  17:26  Refinery  
  200  17:27  Refinery  
  175  17:47  Marine x5  
  175  17:48  Marine x7  
  181  17:57  Marine x2  
  183  18:05  Marine x6  
  184  18:06  Marauder  
  156  18:34  Liberator x3  
  156  18:35  Liberator x2  
  156  18:36  Marine x5  
  156  18:37  Marine  
  156  18:41  Marauder x3, Marine x3  
  156  18:42  Marauder, Marine  
  156  18:43  SCV  
  165  18:54  Marine x6  
  180  18:59  Marine x3  
  182  19:13  Neosteel Frame  
  178  19:17  Liberator x5  
  162  19:54  Marine x2  
  162  19:55  Marauder, Marine x6  
  162  19:56  Marauder  
  173  20:15  Marauder x2, Marine x5  
  173  20:16  Marine x3  
Show
View Real Time Build Order
Export as new Build Order

dallaskuken Protoss - Winner!

Build Orders: Oracle Opening 

Get SALT Encoding   

  12  0:02  Probe (Chrono Boost)  
  13  0:13  Probe (Chrono Boost)  
  14  0:23  Probe (Chrono Boost)  
  14  0:27  Pylon  
  15  0:45  Probe (Chrono Boost)  
  16  0:56  Probe (Chrono Boost)  
  17  1:02  Gateway  
  17  1:06  Probe (Chrono Boost)  
  18  1:12  Assimilator  
  18  1:17  Pylon  
  18  1:25  Pylon  
  18  1:33  Probe (Chrono Boost)  
  19  1:52  Cybernetics Core  
  19  1:54  Probe (Chrono Boost)  
  20  1:57  Assimilator  
  20  2:04  Probe (Chrono Boost)  
  21  2:09  Zealot  
  21  2:15  Probe (Chrono Boost)  
  24  2:37  Stargate  
  24  2:48  Stalker  
  27  2:58  Probe (Chrono Boost)  
  27  3:09  Probe (Chrono Boost)  
  28  3:14  Nexus  
  28  3:16  Oracle  
  32  3:28  Probe (Chrono Boost)  
  32  3:37  Forge  
  32  3:40  Probe (Chrono Boost)  
  33  3:50  Pylon  
  33  3:52  Oracle, Pylon, Probe (Chrono Boost)  
  33  3:55  Pylon  
  38  4:04  Probe (Chrono Boost)  
  38  4:16  Probe (Chrono Boost)  
  39  4:28  Probe (Chrono Boost)  
  40  4:38  Void Ray  
  44  5:09  Probe (Chrono Boost)  
  45  5:17  Fleet Beacon  
  45  5:19  Probe (Chrono Boost)  
  46  5:30  Probe (Chrono Boost)  
  44  5:40  Probe (Chrono Boost)  
  42  5:47  Assimilator  
  42  5:50  Pylon  
  42  5:51  Assimilator, Probe (Chrono Boost)  
  42  5:53  Pylon  
  43  5:58  Stargate  
  43  6:00  Stargate, Pylon  
  43  6:02  Pylon, Probe (Chrono Boost)  
  44  6:14  Probe (Chrono Boost)  
  44  6:16  Nexus  
  45  6:20  Pylon  
  45  6:22  Pylon  
  45  6:24  Probe (Chrono Boost)  
  47  6:26  Probe (Chrono Boost)  
  47  6:31  Graviton Catapult  
  47  6:35  Probe (Chrono Boost)  
  47  6:37  Probe (Chrono Boost)  
  49  6:45  Probe (Chrono Boost)  
  50  6:48  Probe (Chrono Boost)  
  50  6:49  Carrier  
  57  6:56  Probe (Chrono Boost)  
  57  6:58  Probe (Chrono Boost)  
  59  7:06  Probe (Chrono Boost)  
  59  7:07  Carrier  
  66  7:09  Probe (Chrono Boost)  
  67  7:17  Probe (Chrono Boost)  
  67  7:19  Probe (Chrono Boost)  
  69  7:27  Probe (Chrono Boost)  
  69  7:29  Probe (Chrono Boost)  
  71  7:30  Probe (Chrono Boost)  
  71  7:33  Protoss Air Weapons Level 1  
  71  7:36  Assimilator  
  72  7:38  Carrier, Probe (Chrono Boost)  
  72  7:39  Probe (Chrono Boost)  
  72  7:41  Assimilator, Probe (Chrono Boost)  
  81  7:49  Probe (Chrono Boost)  
  81  7:50  Probe (Chrono Boost)  
  84  7:51  Probe (Chrono Boost)  
  84  7:59  Probe (Chrono Boost)  
  84  8:00  Probe (Chrono Boost)  
  86  8:10  Probe (Chrono Boost)  
  86  8:11  Probe (Chrono Boost)  
  88  8:15  Carrier  
  94  8:20  Probe (Chrono Boost)  
  94  8:21  Probe (Chrono Boost)  
  96  8:32  Mothership Core (Chrono Boost), Probe (Chrono Boost)  
  96  8:33  Carrier  
  105  8:42  Probe (Chrono Boost)  
  106  9:00  Carrier  
  118  9:16  Pylon  
  118  9:18  Pylon  
  118  9:20  Pylon  
  118  9:22  Probe (Chrono Boost), Pylon, Protoss Air Armor Level 1  
  119  9:32  Carrier  
  119  9:33  Probe (Chrono Boost)  
  120  9:43  Probe (Chrono Boost)  
  127  9:54  Probe (Chrono Boost)  
  127  9:59  Carrier  
  134  10:15  Carrier  
  140  10:31  Robotics Facility  
  140  10:46  Carrier  
  146  11:13  Pylon  
  146  11:15  Pylon  
  146  11:16  Protoss Air Weapons Level 2  
  146  11:18  Pylon  
  146  11:24  Carrier  
  152  11:29  Carrier  
  158  12:01  Carrier  
  164  12:44  Carrier  
  164  12:50  Carrier  
  134  13:15  Carrier  
  104  13:32  Protoss Air Armor Level 2  
  104  13:58  Carrier  
  104  14:16  Carrier  
  116  14:30  Carrier  
  122  15:17  Carrier  
  128  15:41  Carrier  
  134  15:44  Carrier  
  83  16:43  Carrier  
  85  17:32  Pylon  
  85  17:35  Pylon  
  85  17:39  Pylon  
  85  17:41  Carrier  
  85  17:42  Pylon  
  85  17:44  Pylon  
  85  17:46  Pylon  
  85  17:49  Carrier  
  97  18:08  Carrier  
  103  19:01  Tempest  
  109  19:38  Tempest  
Show
View Real Time Build Order
Export as new Build Order

Loken Zerg - Winner!

Build Orders: 3 Hatch before Pool 

Get SALT Encoding   

  12  0:01  Drone  
  13  0:09  Drone  
  14  0:18  Overlord  
  14  0:38  Drone  
  14  0:39  Drone x2  
  17  1:05  Hatchery  
  16  1:19  Drone  
  16  1:24  Hatchery  
  16  1:36  Spawning Pool  
  16  1:38  Drone  
  16  1:47  Drone  
  16  1:48  Drone  
  18  1:56  Drone  
  18  2:01  Overlord  
  19  2:23  Drone x2  
  19  2:24  Drone  
  19  2:29  Queen  
  24  2:32  Queen  
  24  2:36  Queen  
  28  2:44  Drone  
  29  2:48  Drone x4  
  33  2:51  Drone  
  33  2:54  Extractor  
  33  3:02  Extractor  
  33  3:03  Drone  
  33  3:04  Drone x3  
  36  3:19  Drone  
  37  3:22  Drone x2  
  39  3:37  Drone  
  39  3:38  Drone x2  
  42  3:42  Overlord x6  
  42  4:03  Drone x3  
  42  4:05  Drone  
  42  4:06  Drone x3  
  49  4:12  Drone x3  
  52  4:25  Roach Warren  
  52  4:27  Lair  
  51  4:45  Extractor  
  51  4:46  Drone  
  51  4:47  Drone x10, Extractor  
  60  4:54  Drone  
  60  4:55  Drone x8  
  69  5:03  Extractor  
  69  5:05  Extractor  
  67  5:08  Metabolic Boost  
  67  5:23  Drone x3  
  67  5:24  Drone x10  
  80  5:46  Overlord, Spire  
  80  5:47  Overlord x6  
  79  5:51  Pneumatized Carapace  
  79  5:54  Glial Reconstitution  
  79  6:09  Hydralisk Den  
  78  6:15  Evolution Chamber  
  78  6:16  Evolution Chamber  
  78  6:18  Evolution Chamber  
  75  6:31  Queen  
  75  6:32  Hatchery  
  76  6:35  Hatchery  
  75  6:47  Zerg Melee Weapons Level 1, Zerg Missile Weapons Level 1  
  75  6:48  Zerg Ground Armor Level 1  
  75  7:02  Infestation Pit  
  75  7:07  Queen  
  76  7:14  Mutalisk x6  
  76  7:15  Mutalisk x6  
  100  7:35  Overlord  
  100  7:36  Overlord x10  
  100  7:43  Hatchery  
  99  7:58  Mutalisk  
  99  7:59  Mutalisk x6  
  113  8:07  Zergling x12  
  113  8:08  Zergling x14  
  126  8:27  Hive  
  126  8:39  Zerg Flyer Weapons Level 1  
  126  8:42  Muscular Augments  
  126  8:47  Zerg Melee Weapons Level 2, Zerg Missile Weapons Level 2  
  126  8:52  Drone  
  126  8:53  Drone x18  
  126  8:54  Drone  
  146  9:09  Zerg Ground Armor Level 2  
  146  9:13  Zergling x12  
  146  9:14  Zergling x28  
  150  9:46  Zergling x2  
  150  9:47  Zergling x38  
  150  9:48  Zergling x8  
  174  9:58  Mutalisk x4  
  174  9:59  Mutalisk x3  
  188  10:09  Extractor  
  188  10:10  Extractor  
  188  10:12  Adrenal Glands  
  186  10:34  Greater Spire  
  145  11:52  Zergling x2  
  145  11:53  Zergling x36  
  145  11:54  Zergling x36  
  172  11:55  Zergling x28  
  196  12:13  Zerg Melee Weapons Level 3, Zerg Missile Weapons Level 3  
  196  12:14  Zerg Ground Armor Level 3  
  196  12:16  Zerg Flyer Armor Level 1  
  133  13:43  Zergling x2  
  133  13:44  Zergling x20  
  133  13:45  Zergling x26  
  133  13:46  Zergling x8  
  159  14:09  Zerg Flyer Weapons Level 2  
  93  15:54  Corruptor x11  
  93  15:55  Corruptor x15  
  93  15:56  Corruptor x7  
  159  16:06  Corruptor x5  
  159  16:07  Corruptor x4  
  177  16:25  Zerg Flyer Armor Level 2  
  169  17:29  Brood Lord x9  
  191  17:30  Brood Lord x6  
  191  17:36  Zergling x2  
Show
View Real Time Build Order
Export as new Build Order

Myran Protoss - Winner!

Build Orders:  

Get SALT Encoding   

  12  0:02  Probe (Chrono Boost)  
  13  0:12  Probe (Chrono Boost)  
  14  0:29  Probe (Chrono Boost)  
  15  0:40  Pylon  
  15  0:58  Probe (Chrono Boost)  
  16  1:12  Probe (Chrono Boost)  
  17  1:19  Gateway  
  17  1:21  Forge  
  17  1:23  Probe (Chrono Boost)  
  18  1:39  Assimilator  
  18  1:58  Probe (Chrono Boost)  
  19  2:09  Probe (Chrono Boost)  
  19  2:19  Zealot, Probe (Chrono Boost)  
  22  2:25  Pylon  
  22  2:29  Assimilator  
  22  2:38  Probe (Chrono Boost)  
  23  2:48  Probe (Chrono Boost)  
  24  2:53  Nexus  
  24  2:57  Assimilator  
  24  3:01  Gateway  
  24  3:05  Cybernetics Core  
  24  3:10  Pylon  
  24  3:14  Pylon  
  24  3:18  Pylon  
  24  3:29  Probe (Chrono Boost)  
  24  3:32  Zealot  
  27  3:37  Warp Gate  
  27  3:40  Probe (Chrono Boost)  
  28  3:50  Probe (Chrono Boost)  
  28  3:54  Zealot  
  31  4:01  Probe (Chrono Boost)  
  32  4:08  Probe (Chrono Boost)  
  33  4:11  Probe (Chrono Boost)  
  34  4:19  Probe (Chrono Boost)  
  34  4:22  Zealot  
  37  4:25  Assimilator  
  37  4:27  Assimilator  
  37  4:28  Probe (Chrono Boost)  
  37  4:29  Probe (Chrono Boost)  
  37  4:31  Pylon  
  39  4:34  Pylon  
  39  4:37  Gateway  
  39  4:40  Gateway, Probe x2 (Chrono Boost)  
  39  4:44  Robotics Facility  
  41  4:50  Probe (Chrono Boost)  
  42  4:55  Zealot x2  
  46  5:01  Probe (Chrono Boost)  
  47  5:08  Protoss Ground Weapons Level 1  
  47  5:11  Probe (Chrono Boost)  
  48  5:22  Zealot  
  48  5:26  Twilight Council  
  50  5:31  Probe (Chrono Boost)  
  50  5:33  Observer  
  52  5:46  Probe (Chrono Boost)  
  53  5:53  Nexus  
  53  5:54  Immortal  
  57  5:59  Probe x2 (Chrono Boost)  
  59  6:05  Charge  
  59  6:10  Zealot x2, Probe (Chrono Boost)  
  64  6:20  Probe (Chrono Boost)  
  65  6:25  Pylon  
  65  6:28  Zealot  
  65  6:29  Zealot  
  65  6:31  Probe (Chrono Boost)  
  70  6:35  Stalker  
  70  6:38  Stalker  
  74  6:43  Probe (Chrono Boost)  
  75  6:47  Protoss Shields Level 1  
  75  6:53  Probe (Chrono Boost)  
  75  6:54  Probe (Chrono Boost)  
  77  7:04  Assimilator, Probe (Chrono Boost)  
  77  7:05  Probe (Chrono Boost)  
  77  7:07  Assimilator  
  80  7:08  Probe (Chrono Boost)  
  80  7:12  Pylon  
  80  7:15  Probe (Chrono Boost)  
  81  7:17  Probe (Chrono Boost)  
  81  7:18  Immortal  
  81  7:19  Probe (Chrono Boost)  
  87  7:25  Probe (Chrono Boost)  
  87  7:29  Probe (Chrono Boost)  
  89  7:32  Stalker x2  
  89  7:33  Stalker  
  89  7:35  Stalker  
  97  7:40  Probe (Chrono Boost)  
  98  7:49  Templar Archives  
  98  8:02  Immortal  
  102  8:06  Probe (Chrono Boost)  
  103  8:16  Probe (Chrono Boost)  
  104  8:24  Blink  
  105  8:27  Probe (Chrono Boost)  
  105  8:29  High Templar x3  
  105  8:30  High Templar  
  113  8:37  Probe (Chrono Boost)  
  114  8:45  Archon  
  114  8:47  Archon  
  114  9:02  Gateway  
  114  9:03  Gateway  
  114  9:05  Gateway  
  114  9:06  High Templar  
  114  9:08  Gateway  
  116  9:16  Pylon  
  116  9:20  Pylon  
  116  9:24  Pylon  
  116  9:27  Pylon  
  116  9:35  Pylon  
  116  9:38  Pylon  
  116  9:49  High Templar, Protoss Shields Level 2  
  116  9:50  High Templar x3  
  124  10:02  Archon  
  124  10:03  Archon  
  124  10:13  Immortal  
  128  10:20  Probe (Chrono Boost)  
  129  10:27  High Templar x2  
  129  10:28  High Templar x3  
  135  10:30  Probe (Chrono Boost)  
  135  10:35  Archon x2  
  140  10:41  Probe (Chrono Boost)  
  140  10:42  Archon  
  141  10:50  Dark Shrine  
  141  10:52  Pylon  
  141  11:10  Forge  
  141  11:27  High Templar x4  
  141  11:28  High Templar x2  
  153  11:34  Zealot x2  
  157  11:40  Archon x2  
  157  11:41  Archon  
  157  11:47  Protoss Ground Weapons Level 2  
  157  11:53  Protoss Ground Armor Level 1  
  157  11:58  Pylon  
  157  12:03  Pylon  
  157  12:07  Pylon  
  157  12:09  Pylon  
  157  12:23  Dark Templar x2  
  157  12:24  Dark Templar  
  157  12:25  Dark Templar x2  
  167  12:34  Zealot x3  
  113  13:27  Protoss Shields Level 3  
  101  13:39  Stalker x3  
  101  13:40  Stalker  
  97  14:21  Dark Templar x2  
  97  14:22  Dark Templar x4  
  97  14:23  Dark Templar x2  
  78  14:41  Observer, Protoss Ground Weapons Level 3  
  79  14:46  Archon x4  
  79  14:59  Shadow Stride  
  79  15:02  Immortal  
  83  15:13  Gateway  
  83  15:14  Gateway  
  83  15:15  Gateway  
  83  15:18  Gateway  
  83  15:24  Dark Templar x4  
  83  15:25  Dark Templar x3  
  83  15:26  Dark Templar  
  99  15:39  Archon  
  99  15:40  Archon x2  
  99  15:41  Archon, Immortal  
  103  15:46  Protoss Ground Armor Level 2  
  103  16:11  Dark Templar x2  
  105  16:12  Dark Templar x3  
  113  16:21  Immortal  
  116  16:27  Archon x2  
  116  16:43  Dark Templar x2  
  120  16:47  Dark Templar  
  122  16:56  Archon  
  110  17:24  Archon  
  110  17:27  Dark Templar x2  
  110  17:28  Dark Templar  
  116  17:32  Zealot x2  
  116  17:33  Zealot x2  
  116  17:34  Zealot  
  126  17:40  Archon  
  118  18:32  Zealot  
  118  18:33  Zealot x3  
  118  18:34  Zealot x3  
  128  18:35  Zealot  
  123  19:09  Dark Templar x2  
  127  19:10  Dark Templar x2  
  127  19:11  Dark Templar x2  
  127  19:13  Zealot x2  
  139  19:52  Observer  
  140  19:54  Zealot x2  
  140  19:55  Zealot x4  
  140  19:57  Zealot  
  140  19:58  Zealot  
  156  20:13  Observer  
  153  20:28  Dark Templar x2  
  157  20:31  Zealot x2  
  157  20:32  Zealot x4  
  169  20:36  Archon x3  
  169  20:37  Archon  
Tags
 
Add a new tag
Caveats
  • Supply blocks, unpowered buildings, or Contaminate may cause inaccurate times.
  • Supply counts are checked every 10 seconds.